 Dungeon Crawl Stone Soup version 0.20-a0-3-g334f831 (webtiles) character file.

1339 dobroeutro the Cudgeler (level 8, -2/50 HPs)
             Began as a Gargoyle Fighter on Oct 30, 2016.
             Slain by an orc warrior
             ... wielding a +0 halberd
              (6 damage)
             ... on level 6 of the Dungeon.
             The game lasted 00:04:56 (4547 turns).

dobroeutro the Cudgeler (Gargoyle Fighter)          Turns: 4547, Time: 00:04:57

Health: -2/50      AC: 12    Str: 22    XL:     8   Next: 61%
Magic:  8/8        EV:  9    Int:  9    God:
Gold:   278        SH: 10    Dex:  9    Spells: 0 memorised, 7 levels left

rFire  . . .     SeeInvis .     a - +1 flail
rCold  . . .     Gourm    .     b - +0 scale mail
rNeg   + . .     Faith    .     c - +0 shield
rPois  ∞         Spirit   .     (no helmet)
rElec  +         Reflect  .     (no cloak)
rCorr  .         Harm     .     (no gloves)
MR     .....                    (no boots)
Stlth  ..........               (no amulet)
                                (no ring)
                                (no ring)

@: no status effects
A: negative energy resistance 1, electricity resistance, unbreathing,
petrification resistance, rot immunity, AC +5
a: no special abilities


You were on level 6 of the Dungeon.
You were hungry.

You visited 1 branch of the dungeon, and saw 6 of its levels.
You also visited: Sewer.

You collected 278 gold pieces.

Inventory:

Hand Weapons
 a - a +1 flail (weapon)
Armour
 b - a +0 scale mail (worn)
 c - a +0 shield (worn)
Wands
 n - a wand of acid (10/15)
 r - a wand of flame (38/48)
Scrolls
 d - 4 scrolls of amnesia {unknown}
 l - a scroll of enchant armour {unknown}
 s - a scroll of immolation {unknown}
 t - a scroll of enchant weapon
 w - a scroll of remove curse {unknown}
 y - a scroll of teleportation {unknown}
 z - a scroll of fog
Potions
 e - a potion of invisibility {unknown}
 h - 2 potions of degeneration
 i - a potion of curing {unknown}
 j - a potion of lignification {unknown}
 m - a potion of flight {unknown}
 p - a potion of ambrosia {unknown}
 u - a potion of agility {unknown}
Books
 v - a book of Misfortune

   Spells                             Type                      Level
   a - Confusing Touch                Hexes                        1
   b - Confuse                        Hexes                        3
   c - Gell's Gravitas                Hexes/Translocation          3
   d - Petrify                        Transmutation/Earth          4
   e - Metabolic Englaciation         Hexes/Ice                    5
   f - Yara's Violent Unravelling     Hexes/Transmutation          5
Comestibles
 f - 5 bread rations
 g - 2 slices of pizza
 k - 6 fruits
 o - 2 meat rations
 q - 3 beef jerkies
 x - a royal jelly


   Skills:
 + Level 5.5 Fighting
 * Level 6.2 Maces & Flails
 + Level 5.9 Armour
 + Level 3.4 Dodging
 - Level 5.0 Shields


You had 7 spell levels left.
You didn't know any spells.

Dungeon Overview and Level Annotations

Branches:
Dungeon (6/15)
 Temple: D:4-7

Altars:


Innate Abilities, Weirdness & Mutations

You are resistant to torment.
Your stone body is resilient. (AC +5)
You are immune to poison.
You resist negative energy. (rN+)
You are resistant to electric shocks. (rElec)
You can survive without breathing.
You are immune to petrification.
You are immune to rotting.


Message History

You miss the bat.
The bat is moderately wounded.
The bat barely misses you. You block the bat's attack. x2
The bat hits you but does no damage.
The orc warrior hits you from afar with a halberd.
* * * LOW HITPOINT WARNING * * *
You feel much better. The bat hits you but does no damage.
The bat barely misses you. x2; The bat hits you but does no damage.
The orc warrior hits you from afar with a halberd.
You miss the bat.
The bat is moderately wounded.
You block the bat's attack. The bat barely misses you.
The bat hits you but does no damage.
The orc warrior hits you from afar with a halberd!
* * * LOW HITPOINT WARNING * * *
You sock the bat!
You kill the bat!
The bat hits you but does no damage. You block the bat's attack.
The orc warrior hits you from afar with a halberd.
You die...

########## ##########
.........# #........#
.#######.# ###.######.# .#
#.# ##.#.# #.# .#
#####.####....#### #.# .#
#............o...# #.# .#
#.###.####..oo##.###.##
.###.###.# ##.#b##.....<#
.........# #.#@†.......#
####.##### #o#########.#
####.# ##'## #.#### .....#
##o..## #....# ####.#
##.....## ####.# #....##
##.......## ##.##.#
#.#...####o........####...#.#
.o..o....o.........+.......[#
......####.(.......####...#.#


You could see an orc warrior, 2 orcs and a bat.

Vanquished Creatures
  2 ice beasts
  A phantom (D:6)
  2 ogres
  A crocodile (Sewer)
  A scorpion (D:5)
  2 howler monkeys
  4 crimson imps
  A centaur skeleton (D:4)
  4 hounds
  An orc wizard (D:3)
  8 worker ants
  10 adders
  A howler monkey skeleton (D:5)
  A shadow imp (D:6)
  2 oozes
  3 worms
  2 dart slugs
  5 leopard geckos
  3 orcs (D:3)
  2 ball pythons (D:3)
  8 giant cockroaches
  4 hobgoblins (D:3)
  8 jackals
  A quokka (D:2)
  12 bats
  3 frilled lizards
  4 goblins
  8 kobolds
  6 rats
110 creatures vanquished.

Notes
Turn   | Place    | Note
-------+----------+-------------------------------------------
     0 | D:1      | dobroeutro the Gargoyle Fighter began the quest for the Orb.
     0 | D:1      | Reached XP level 1. HP: 14/14 MP: 1/1
   353 | D:1      | Reached XP level 2. HP: 14/19 MP: 2/2
   725 | D:1      | Reached XP level 3. HP: 22/23 MP: 3/3
  1139 | D:2      | Reached skill level 3 in Maces & Flails
  1202 | D:2      | Reached skill level 1 in Dodging
  1202 | D:2      | Reached XP level 4. HP: 23/29 MP: 4/4
  1597 | D:3      | Noticed an ice beast
  1613 | D:3      | Killed an ice beast
  1613 | D:3      | Reached XP level 5. HP: 23/33 MP: 5/5
  1730 | D:3      | Found a glowing drain.
  1781 | Sewer    | Entered a sewer
  1828 | Sewer    | Noticed a crocodile
  1841 | Sewer    | Killed a crocodile
  1841 | Sewer    | Reached skill level 4 in Maces & Flails
  1841 | Sewer    | Reached XP level 6. HP: 24/39 MP: 6/6
  2120 | D:3      | Found a faded altar of an unknown god.
  2679 | D:4      | Reached XP level 7. HP: 21/44 MP: 7/7
  3381 | D:5      | Entered Level 5 of the Dungeon
  3385 | D:5      | Reached skill level 5 in Fighting
  3385 | D:5      | Reached skill level 5 in Maces & Flails
  3405 | D:5      | Reached skill level 5 in Armour
  3662 | D:5      | Reached XP level 8. HP: 49/49 MP: 8/8
  3780 | D:5      | Reached skill level 5 in Shields
  4145 | D:6      | Reached skill level 6 in Maces & Flails
  4547 | D:6      | Slain by an orc warrior

Vault maps used:
D:1:      lemuel_arrival_funnel, minmay_misc_feat_plants
D:3:      ecumenical_altar_1, serial_bayou, serial_bayou_pond_d,
          serial_bayou_shore_b, serial_bayou_lagoon_a, serial_bayou_shore_b,
          portal_sewer_entry_b
D:4:      cheibrodos_quashed
D:5:      first_bread, kennysheep_generic_room_9
D:6:      minmay_gold_behind_fungi, roderic_batcave
Sewer:    sewer_the_crocodile

Skill      XL: |  1  2  3  4  5  6  7  8 |
---------------+-------------------------+-----
Maces & Flails | 3 4 5 6 |  6.2
Dodging        | 1 2 3 |  3.4
Fighting       | 4 5 |  5.5
Armour         | 4 5 |  5.9
Shields        | 4 5 |  5.0

Action                   |  1- 3 |  4- 6 |  7- 9 || total
-------------------------+-------+-------+-------++-------
Melee: Flail             |   158 |   186 |   204 ||   548
  Use: Scroll            |       |     4 |       ||     4
       Potion            |       |     4 |     1 ||     5
  Eat: Chunk             |       |     4 |     4 ||     8
       Bread ration      |       |     1 |       ||     1
Armor: Scale mail        |   107 |    80 |   151 ||   338
Dodge: Dodged            |    67 |    67 |   110 ||   244
Block: Shield            |   107 |    99 |   175 ||   381
